AoeStats
← PainEATER

Arena

506336016Analyzed
2v2 RM · 18d ago on Sep 13, 2026· 58m 11s· 4 players
Game mode
Random Map
Map size
Medium (4 player)
Population
200
Speed
Normal
Resources
Standard
Victory
Conquest
Starting age
Dark Age
Ending age
Imperial Age
RankedLock teamsTeams togetherTeam positionsShared explorationLock speedFull tech treeHidden civsTurbo modeCheats
Victory
Defeat
🇹🇷 Khmer · Türkiye
615
+18
🇹🇷 Persians · Türkiye
615
+18
🇦🇷 Magyars · Argentina
656
-19
🇨🇭 Khitans · Switzerland
644
-17
duro-dur8
12:49 Feudal Age
14:13 Wheelbarrow
13:30 Double-Bit Axe
13:29 Domestication
17:43 Gold Mining
19:31 Stone Mining
22:36 Castle Age
23:53 Hand Cart
23:54 Bow Saw
23:48 Pastoralism
24:29 Stone Shaft Mining
30:50 Imperial Age
30:16 Loom
30:18 Town Watch
30:48 Forging
30:59 Thumb Ring
34:45 Transhumance
35:19 Two-Man Saw
36:54 Iron Casting
36:15 Fletching
36:26 Scale Mail Armor
36:28 Padded Archer Armor
36:19 Gambesons
36:36 Squires
36:23 Arson
35:59 Pikeman
36:03 Elite Skirmisher
37:03 Lamellar Armor
38:02 Bodkin Arrow
39:53 Leather Archer Armor
39:54 Chain Mail Armor
43:35 Bracer
44:06 Ring Archer Armor
44:08 Plate Mail Armor
52:35 Chemistry
51:56 Ballistics
慢即是快.
Bay Gandalf
0:47 Loom
15:14 Feudal Age
16:38 Wheelbarrow
15:58 Horse Collar
16:05 Double-Bit Axe
16:29 Man-at-Arms
16:55 Arson
21:26 Castle Age
22:35 Hand Cart
23:53 Heavy Plow
24:33 Bow Saw
26:07 Caravan
26:37 Coinage
29:48 Husbandry
30:00 Bloodlines
30:09 Gold Mining
30:09 Stone Mining
32:05 Gold Shaft Mining
32:05 Stone Shaft Mining
34:18 Long Swordsman
34:19 Pikeman
34:59 Squires
34:44 Gambesons
37:52 Imperial Age
41:29 Guilds
41:49 Banking
41:17 Elite War Elephant
42:47 Scale Barding Armor
42:42 Scale Mail Armor
42:53 Forging
42:34 Fletching
42:44 Padded Archer Armor
43:44 Conscription
43:01 Capped Ram
44:27 Chain Barding Armor
45:48 Cavalier
47:29 Savar
50:51 Crop Rotation
PainEATER
13:59 Feudal Age
14:27 Double-Bit Axe
15:40 Gold Mining
15:41 Stone Mining
20:05 Castle Age
18:01 Horse Collar
21:35 Gold Shaft Mining
21:30 Bow Saw
25:36 Stone Mining
27:21 Stone Shaft Mining
28:27 Wheelbarrow
28:33 Caravan
29:07 Coinage
28:50 Heavy Plow
35:04 Imperial Age
35:20 Hand Cart
35:01 Town Watch
35:02 Loom
36:49 Double Crossbow
36:51 Tusk Swords
36:11 Elite Ballista Elephant
37:31 Hoardings
37:33 Town Patrol
40:08 Forging
39:58 Scale Mail Armor
40:04 Scale Barding Armor
41:22 Banking
41:50 Crop Rotation
44:15 Elite Battle Elephant
47:28 Chain Barding Armor
47:23 Chain Mail Armor
47:44 Iron Casting
46:46 Capped Ram
50:53 Plate Barding Armor
51:30 Blast Furnace
57:58 Siege Ram
Connection lost

Rejoining the realm…

Still unreachable

The connection could not be restored.

Session expired

The server has moved on; the page needs a fresh start.